[Event "Djerba Festival Masters 2024"]
[Site "Djerba"]
[Date "2024.02.25"]
[Round "7.3"]
[White "Bellahcene, Bilel"]
[Black "Niemann, Hans Moke"]
[Result "0-1"]
[ECO "B95"]
[WhiteElo "2516"]
[BlackElo "2692"]
[Annotator "TA"]
[PlyCount "110"]
[EventDate "2024.02.18"]
[EventType "tourn"]
[EventCountry "TUN"]
[SourceTitle "playchess.com"]
[Source "ChessBase"]
[SourceQuality "1"]
[TimeControl "5400+30"]

1. e4 c5 2. Nf3 d6 3. d4 cxd4 4. Nxd4 Nf6 5. Nc3 a6 6. Bg5 e6 7. Qf3 h6 8. Be3 e5 {[%emt 0:00:37] 8...e5 was played by the boomers. B95: Sicilian Najdorf: 6 Bg5 e6, unusual White 7th moves.} 9. Nb3 Bg4 $5 {[%emt 0:00:08][%mdl 4] A promising side line.} 10. Qg3 Nbd7 $146 ({Predecessor:} 10... Be6 11. Be2 Nbd7 12. O-O Rc8 13. Bd2 g5 14. Rfd1 Rg8 15. Qd3 Nb6 16. a4 g4 {½-½ Hervet,G (2382)-Schreiber,E (2336) olm21 sf03 email 2016 [2]}) 11. f3 Be6 12. O-O-O Rc8 13. Nd5 Nxd5 14. exd5 Bf5 15. Bd3 Bxd3 16. Rxd3 g6 17. f4 h5 18. Rf1 h4 19. Qh3 Rh5 20. f5 (20. Kb1 $14 {stays ahead.}) 20... Qf6 $17 21. Na5 (21. Rdd1 $142) 21... Rxf5 $17 22. Rxf5 Qxf5 23. Qxf5 gxf5 24. Bf2 Nc5 (24... e4 $19 25. Rh3 Nf6 26. Rxh4 Nxd5) 25. Rc3 b6 26. Nb7 Kd7 27. Nxc5+ bxc5 (27... dxc5 $17 28. Bxh4 Bd6) 28. Bxh4 $15 Bh6+ 29. Kd1 f4 30. Rb3 Rg8 31. g3 Kc7 32. Ra3 Kb6 33. Rb3+ Ka7 34. gxf4 (34. Be7 $11 {remains equal.} Rg6 35. Bd8) 34... Bxf4 $17 35. Bg3 Bxg3 $1 36. hxg3 c4 37. Rb4 Rg4 (37... Rxg3 $6 38. Rxc4 f5 39. Rc6 $11) (37... Rc8 $1 $17 38. b3 cxb3 39. axb3 Rc5) 38. b3 (38. a4 $11) 38... a5 $1 $17 39. Rb5 (39. Rxc4 Rxc4 40. bxc4 Kb6 $19) 39... c3 (39... Rxg3 40. bxc4 Rc3 41. Rxa5+ Kb6 42. Rb5+ Kc7 43. a4 $11) (39... cxb3 $17 {Threatens to win with ...Rb4.} 40. axb3 Ka6 (40... Rxg3 41. c4 $17)) 40. Ke2 (40. Rxa5+ $11 Kb6 41. Ra8) 40... Rxg3 $17 41. Rxa5+ Kb6 42. Ra4 (42. Ra8 $142) 42... Rg2+ (42... Kc5 $142 $1 {[%cal Og3h3] Strongly threatening ...Rh3!} 43. Rc4+ Kxd5) 43. Kd3 $17 Rd2+ 44. Kxc3 Rxd5 45. Rb4+ (45. Re4 $11 {keeps the balance.}) 45... Kc6 $1 $17 46. Rc4+ {[%emt 0:00:19] [#]} Kd7 $1 47. b4 ({White should try} 47. Rg4 $15) 47... f5 $17 48. a4 $2 (48. Rh4 $17 {was forced.}) 48... f4 49. a5 (49. Re4 $142 Rd1 50. Re2) 49... Rd1 $19 50. a6 Ra1 51. b5 (51. Kd3 $19 Ra3+ (51... Rxa6 $2 52. b5 $19) 52. Rc3 Rxa6 53. b5) 51... f3 52. b6 f2 $1 (52... Rxa6 53. Rc7+ Ke6 54. b7 $17) 53. Rc7+ {[%emt 0:00:30] [#]} Ke6 $1 54. b7 f1=Q (54... f1=R $2 {too greedy.} 55. b8=Q (55. b8=B $2 {perishes.} Rxa6 56. Ba7 Rf7 $19) 55... Rf4 56. a7 (56. Qg8+ Kf5 $18) 56... Ra3+ 57. Kb2 $18) 55. b8=Q Qf3+ 0-1

[Event "Djerba Festival Masters 2024"]
[Site "Djerba"]
[Date "2024.02.25"]
[Round "7.4"]
[White "Tari, Aryan"]
[Black "Moussard, Jules"]
[Result "1/2-1/2"]
[ECO "C42"]
[WhiteElo "2623"]
[BlackElo "2630"]
[Annotator "TA"]
[PlyCount "39"]
[EventDate "2024.02.18"]
[EventType "tourn"]
[EventCountry "TUN"]
[SourceTitle "playchess.com"]
[Source "ChessBase"]
[SourceQuality "1"]
[TimeControl "5400+30"]

1. e4 e5 2. Nf3 Nf6 3. Nxe5 d6 4. Nf3 Nxe4 5. Qe2 Qe7 6. d3 Nf6 7. Bg5 Qe6 8. Qxe6+ Bxe6 9. Be2 Bc8 (9... Nc6 $11) 10. Nc3 $14 Be7 11. Be3 h6 12. Nd4 Nc6 13. Nxc6 bxc6 14. Bd4 Be6 15. Ne4 Nxe4 16. dxe4 O-O 17. c4 f5 {[%emt 0:00:30] The position is equal.} 18. exf5 Bxf5 19. O-O Bf6 20. Bxf6 {[%emt 0:00:30] Weighted Error Value: White=0.14 (very precise) /Black=0.14 (very precise) .  Mistake:       	---       	Black=1      Inaccurate:     	White=2     	Black=1      OK:         	White=5     	Black=2} 1/2-1/2